 Dungeon Crawl Stone Soup version 0.26.0-16-gc1dbca0489 (webtiles) character file.

Game seed: 12219503887194299870

760 Marvel the Magician (level 7, -8/48 HPs)
             Began as a Mummy Necromancer on Jan 21, 2021.
             Was an Initiate of Kikubaaqudgha.
             Mangled by an orc warrior
             ... wielding a +0 short sword
              (21 damage)
             ... on level 6 of the Dungeon.
             The game lasted 00:23:49 (6128 turns).

Marvel the Magician (Mummy Necromancer)             Turns: 6128, Time: 00:23:50

Health: -8/48      AC:  5    Str: 11    XL:     7   Next: 51%
Magic:  14/17      EV: 12    Int: 20    God:    Kikubaaqudgha [......]
Gold:   115        SH:  0    Dex: 13    Spells: 10/19 levels left

rFire    x . .     SeeInvis .   t - +10 falchion "Piosa" {pain, +Inv Int+4}
rCold    + + .     Faith    .   (no shield)
rNeg     + + +     Spirit   .   a - +0 robe
rPois    ∞         Reflect  .   v - +0 helmet
rElec    .         Harm     .   (no cloak)
rCorr    .         Rampage  .   (no gloves)
Will     .....                  g - +1 pair of boots
Stlth    +++.......             (no amulet)
HPRegen  0.16/turn              l - ring of protection from cold
MPRegen  0.15/turn              p - ring of stealth

@: no status effects
A: no potions, fire vulnerability, cold resistance 1, negative energy resistance
3, torment resistance, unbreathing
a: Renounce Religion, Evoke Invisibility


You were on level 6 of the Dungeon.
You worshipped Kikubaaqudgha.
Kikubaaqudgha was noncommittal.
You visited 2 branches of the dungeon, and saw 7 of its levels.

You collected 268 gold pieces.
You spent 153 gold pieces at shops.

Inventory:

Hand Weapons
 c - a +0 short sword
 i - a +2 short sword of freezing
 q - the +7 mace of Yzuaggosm {freeze, Will+ Dex+4}
   (You found it on level 4 of the Dungeon)

   It has been specially enchanted to freeze those struck by it, causing extra
   injury to most foes and up to half again as much damage against particularly
   susceptible opponents.
   It can also slow down cold-blooded creatures.
   It affects your dexterity (+4).
   It affects your willpower, your defense against some magical effects.
 t - the +10 falchion "Piosa" (weapon) {pain, +Inv Int+4}
   (You found it on level 4 of the Dungeon)

   In the hands of one skilled in necromantic magic, it inflicts extra damage on
   living creatures.
   It affects your intelligence (+4).
   It lets you turn invisible.
Missiles
 d - 4 javelins
 h - 4 boomerangs (quivered)
 m - 27 poisoned darts
 w - 2 atropa-tipped darts
Armour
 a - a +0 robe (worn)
 g - a +1 pair of boots (worn)
 v - a +0 helmet (worn)
Jewellery
 k - an uncursed amulet of regeneration
 l - a ring of protection from cold (left hand)
 p - a ring of stealth (right hand)
Wands
 o - a wand of disintegration (13)
 x - a wand of acid (12)
Scrolls
 b - 2 scrolls of teleportation
 e - 2 scrolls of immolation
 f - a scroll of identify
 j - 2 scrolls of enchant armour
 n - a scroll of blinking {unknown}
 r - 2 scrolls of magic mapping
 s - 2 scrolls of amnesia
 u - a scroll of remove curse


   Skills:
 + Level 1.1 Fighting
 + Level 0.6 Long Blades
 + Level 1.4 Maces & Flails
 + Level 2.0 Throwing
 - Level 1.5 Dodging
 - Level 1.5 Stealth
 + Level 6.8 Spellcasting
 + Level 6.4 Necromancy


You had 10 spell levels left.
You knew the following spells:

 Your Spells              Type           Power        Failure   Level
a - Pain                  Necr           100%         1%          1
b - Animate Skeleton      Necr           64%          1%          1
c - Vampiric Draining     Necr           16%          1%          3
d - Animate Dead          Necr           16%          7%          4

Your spell library contained the following spells:

 Spells                   Type           Power        Failure   Level
 Agony                    Necr           32%          19%         5


Dungeon Overview and Level Annotations

Branches:
Dungeon (6/15)             Temple (1/1) D:4

Altars:
Ashenzari
Cheibriados
Dithmenos
Elyvilon
Fedhas
Gozag
Kikubaaqudgha
Makhleb
Nemelex Xobeh
Okawaru
Qazlal
Ru
Sif Muna
Trog
Uskayaw
Vehumet
Wu Jian
Xom
Yredelemnul
Zin
The Shining One

Shops:
D:4 !?[*

Annotations:
D:5 Grinder, Ijyb


Innate Abilities, Weirdness & Mutations

You do not drink.
Your flesh is vulnerable to fire.
You are immune to poison.
Your flesh is cold resistant. (rC+)
You are immune to negative energy. (rN+++)
You are immune to unholy pain and torment.
You can survive without breathing.


Message History

The orc wizard seems to speed up.
You see here a scroll of identify.
The orc wizard points at you and mumbles some strange words.
The magic dart hits you!
* * * LOW HITPOINT WARNING * * *
You are no longer corroded.
The orc wizard mumbles some strange words.
The orc wizard blinks!
Casting: Pain (safe; 1% risk of failure)
Confirm with . or Enter, or press ? or * to list all spells.
Aiming: Vampiric Draining (safe; 1% risk of failure)
Press: ? - help, Shift-Dir - straight line, f - orc warrior
Aim: an orc warrior, wielding a +0 short sword and wearing a +0 plate armour (heavily wounded)
The orc warrior is severely wounded.
You feel life coursing into your body.
The orc wizard casts a spell.
The orc wizard blinks!
The orc warrior hits you with a +0 short sword!!
You die...
Kikubaaqudgha rasps: "You have failed me!
Welcome... oblivion!"

#....# #........#.
##.§.# #........# #o..#
#........# ######...#
#.....#### #........#
#.....####.
#.####..####.##.......
###.....o>........######
......##o#####....#
.......@.....'....#
#####....#####....#
#....### ##+#.# #....
#.# #.... #.. #.... .#.
#.... .. .....


You could see an orc warrior, an orc wizard (fast) and an orc.

Vanquished Creatures
  An ice beast (D:6)
  A phantom (D:4)
  2 scorpions
  A water moccasin skeleton (D:6)
  A bullfrog zombie (D:6)
  2 jellies
  A centaur skeleton (D:4)
  7 worker ants
  3 gnolls (D:4)
  4 adders
  A white imp (D:5)
  An ufetubus (D:4)
  An ooze (D:2)
  An adder skeleton (D:4)
  2 worms
  An orc (D:4)
  3 giant cockroaches
  8 goblins
  6 hobgoblins
  11 jackals
  8 kobolds
  4 ball pythons
  A bat (D:3)
  8 frilled lizards
  A leopard gecko skeleton (D:4)
  4 rats
84 creatures vanquished.

Notes
Turn   | Place    | Note
-------+----------+-------------------------------------------
     0 | D:1      | Marvel the Mummy Necromancer began the quest for the Orb.
     0 | D:1      | Reached XP level 1. HP: 13/13 MP: 4/4
   272 | D:1      | Reached XP level 2. HP: 19/19 MP: 2/5
   305 | D:1      | Learned a level 1 spell: Animate Skeleton
  1251 | D:2      | Reached XP level 3. HP: 24/24 MP: 3/7
  2034 | D:2      | Reached skill level 5 in Necromancy
  2038 | D:2      | Learned a level 3 spell: Vampiric Draining
  2395 | D:3      | Found a bloodstained altar of Trog.
  2407 | D:3      | Found a white marble altar of Elyvilon.
  2417 | D:3      | Reached XP level 4. HP: 30/30 MP: 4/9
  2466 | D:3      | Learned a level 4 spell: Animate Dead
  2798 | D:3      | Found a snail-covered altar of Cheibriados.
  3133 | D:4      | Noticed an ogre
  3544 | D:4      | Reached XP level 5. HP: 29/35 MP: 12/12
  3627 | D:4      | Noticed a phantom
  3758 | D:4      | Found Nur Taje's Assorted Antiques.
  3767 | D:4      | Bought a shiny bone ring for 115 gold pieces
  3772 | D:4      | Got a polished mace
  3773 | D:4      | Identified the +7 mace of Yzuaggosm {freeze, Will+ Dex+4}
                  | (You found it on level 4 of the Dungeon)
  3802 | D:4      | Reached skill level 5 in Spellcasting
  3872 | D:4      | Found Oshoeba's Magic Scroll Shop.
  3874 | D:4      | Found Wirottah's Distillery.
  3881 | D:4      | Bought a scroll of magic mapping for 38 gold pieces
  4243 | D:5      | Entered Level 5 of the Dungeon
  4397 | D:5      | Reached XP level 6. HP: 27/41 MP: 8/14
  4532 | D:5      | Reached skill level 1 in Throwing
  4570 | D:5      | Noticed Ijyb
  4954 | D:4      | Found a glowing silver altar of Zin.
  4984 | D:4      | Reached skill level 1 in Maces & Flails
  4992 | D:4      | Got a warped falchion
  4993 | D:4      | Identified the +10 falchion "Piosa" {pain, +Inv Int+4} (You
                  | found it on level 4 of the Dungeon)
  5048 | D:4      | Found Faucrih's Armour Boutique.
  5054 | D:4      | Found a staircase to the Ecumenical Temple.
  5071 | Temple   | Entered the Ecumenical Temple
  5373 | Temple   | Became a worshipper of Kikubaaqudgha
  5691 | D:4      | Reached XP level 7. HP: 39/47 MP: 16/16
  5862 | D:5      | Noticed Grinder
  5950 | D:6      | Reached skill level 1 in Fighting
  6128 | D:6      | Mangled by an orc warrior

Illustrated notes

Levels and vault maps discovered:
D:1:      dpeg_arrival_long_road, layout_basic
D:2:      layout_loops_ring, chequers_serial_rivers_room_a
D:3:      layout_basic, cheibriados_altar_1,
          chequers_temple_overflow_statue_of_worship
D:4:      layout_basic, kennysheep_mini, minmay_temple_entry_statues_fountains,
          serial_shops, nicolae_shop_behind_doors, kennysheep_little_box, shop,
          shop, hangedman_decor_diamond_cutter
D:5:      layout_loops_ring, uniq_ijyb, uniq_grinder
D:6:      layout_basic, serial_shops, shop, minmay_bent, uniq_edmund,
          uniq_blork_the_orc, uniq_eustachio
Temple:   minmay_temple_bridge_d

Skill      XL: |  1  2  3  4  5  6  7 |
---------------+----------------------+-----
Spellcasting   | 3 4 5 6 |  6.8
Necromancy     | 5 6 |  6.4
Throwing       | 1 2 |  2.0
Maces & Flails | 1 |  1.4
Fighting       | 1 |  1.1
Long Blades    | |  0.6
Dodging        | |  1.5
Stealth        | |  1.5

Action                   |  1- 3 |  4- 6 |  7- 9 || total
-------------------------+-------+-------+-------++-------
Melee: Short sword       |    12 |     9 |       ||    21
       Mace              |       |    32 |       ||    32
       Falchion          |       |     6 |    19 ||    25
Throw: Dart              |       |    32 |       ||    32
       Javelin           |       |     1 |       ||     1
       Boomerang         |       |     7 |       ||     7
 Cast: Pain              |    94 |    55 |     2 ||   151
       Animate Skeleton  |     8 |       |       ||     8
       Animate Dead      |       |     3 |       ||     3
       Vampiric Draining |       |       |     1 ||     1
  Use: Scroll            |     5 |     5 |       ||    10
 Stab: Sleeping          |       |     3 |       ||     3
Armor: Robe              |    11 |    19 |     4 ||    34
Dodge: Dodged            |    30 |    45 |    14 ||    89
       Rpst.: Falchion   |       |     4 |     5 ||     9
